 Dungeon Crawl Stone Soup version bcrawl-1.19.2-6-g6a88ae04c9 (webtiles) character file.

Game seed: 5615318089555565578

1964 Mrkan the Cudgeler (level 9, -13/56 HPs)
             Began as a Gargoyle Fighter on Dec 24, 2019.
             Mangled by an orc warrior
             ... wielding a +0 battleaxe
              (17 damage)
             ... on level 7 of the Dungeon.
             The game lasted 00:08:32 (5589 turns).

Mrkan the Cudgeler (Gargoyle Fighter)               Turns: 5589, Time: 00:08:32

Health: -13/56     AC: 20    Str: 23    XL:     9   Next: 19%
Magic:  9/9        EV:  5    Int:  8    God:
Gold:   409        SH: 10    Dex: 10    Spells: 8/8 levels left

rFire    . . .     SeeInvis .   D - +1 whip (elec)
rCold    . . .     Gourm    .   c - +0 shield
rNeg     + . .     Faith    .   l - +0 plate armour
rPois    ∞         Spirit   .   (no helmet)
rElec    +         Reflect  .   q - +0 cloak
rCorr    .         Harm     .   (no gloves)
MR       .....                  (no boots)
Stlth    ..........             (no amulet)
HPRegen  0.18/turn              (no ring)
MPRegen  0.11/turn              (no ring)

@: no status effects
A: negative energy resistance 1, electricity resistance, unbreathing,
petrification resistance, rot immunity, AC +6
a: no special abilities


You were on level 7 of the Dungeon.
You were hungry.

You visited 1 branch of the dungeon, and saw 7 of its levels.

You collected 409 gold pieces.

Inventory:

Hand Weapons
 v - a +0 morningstar
 D - a +1 whip of electrocution (weapon)
Missiles
 s - 2 throwing nets (quivered) {!f}
Armour
 a - a +0 plate armour
 c - a +0 shield (worn)
 j - a +0 chain mail
 l - a +0 plate armour (worn)
 q - a +0 cloak (worn)
Jewellery
 h - an uncursed ring of ice {unknown}
 p - a cursed ring of ice {unknown}
 w - an uncursed ring of positive energy {unknown}
 x - a +5 ring of strength
 y - a cursed ring of attention {unknown}
 B - a cursed ring of teleportation {unknown}
Wands
 E - a wand of polymorph (6)
Scrolls
 b - 3 scrolls of magic mapping {unknown}
 e - 2 scrolls of teleportation {unknown}
 g - 6 scrolls of remove curse {unknown}
 i - 7 scrolls of identify {unknown}
 k - a scroll of immolation {unknown}
 m - 4 scrolls of enchant armour {unknown}
 o - 2 scrolls of amnesia {unknown}
 t - a scroll of fog {unknown}
 u - a scroll of enchant weapon {unknown}
 A - a scroll of fear {unknown}
Potions
 d - 4 potions of might
 n - a potion of heal wounds {unknown}
 r - a potion of haste {unknown}
 z - 3 potions of agility {unknown}
 C - a potion of lignification {unknown}
Comestibles
 f - 6 rations {!d}


   Skills:
 + Level 6.6 Fighting
 * Level 7.6 Maces & Flails
 + Level 6.6 Armour
 + Level 6.6 Shields


You had 8 spell levels left.
You didn't know any spells.
Your spell library was empty.

Dungeon Overview and Level Annotations

Branches:
Dungeon (7/12)
 Temple: D:4-7         Lair: D:7-9

Altars:
Yredelemnul


Innate Abilities, Weirdness & Mutations

You are resistant to torment.
Your stone body is resilient. (AC +6)
You are immune to poison.
You resist negative energy. (rN+)
You are resistant to electric shocks. (rElec)
You can survive without breathing.
You are immune to petrification.
You are immune to rotting.


Message History

You block the orc's attack.
The orc warrior hits you with a +0 battleaxe.
* * * LOW HITPOINT WARNING * * *
You barely miss the orc warrior.
The orc warrior is severely wounded.
You closely miss the orc. The orc hits you but does no damage.
The orc warrior hits you but does no damage.
You hit the orc.
The orc is severely wounded.
The orc hits you but does no damage.
You closely miss the orc warrior.
The orc warrior is severely wounded.
You block the orc warrior's attack.
You closely miss the orc warrior.
The orc warrior is severely wounded.
The orc barely misses you.
Your plate armour prevents you from hitting the orc warrior.
The orc warrior is severely wounded.
The orc warrior hits you with a +0 battleaxe!
You die...

####+###
#......#
#@.....#
#oo....#
#......#
#......#
#......#
#......#
##.##.##
## ##


You could see an orc warrior and an orc.

Vanquished Creatures
  Pikel (D:5)
  A water moccasin (D:6)
  An orc warrior (D:5)
  A sky beast (D:5)
  An ogre (D:6)
  3 centaurs
  A bullfrog (D:6)
  2 scorpions
  A howler monkey (D:4)
  3 crimson imps
  A quasit (D:5)
  2 hounds
  A bullfrog zombie (D:5)
  3 orc wizards
  Terence (D:2)
  2 worker ants
  Natasha (thrice) (D:4)
  A hound skeleton (D:4)
  Robin (D:4)
  A worker ant zombie (D:3)
  3 adders
  A shadow imp (D:4)
  2 oozes
  2 worms (D:2)
  A dart slug (D:1)
  7 leopard geckos
  17 orcs
  7 bats
  5 giant cockroaches
  14 goblins
  9 hobgoblins
  8 jackals
  7 kobolds
  3 quokkas
  A ball python (D:3)
  2 frilled lizards
  2 gnoll zombies (D:2)
  5 rats
127 creatures vanquished.

Vanquished Creatures (others)
  A slave (D:5)
  A bullfrog skeleton (D:5)
  A shadow imp (D:5)
  An adder skeleton (D:5)
4 creatures vanquished.

Grand Total: 131 creatures vanquished

Notes
Turn   | Place    | Note
-------+----------+-------------------------------------------
     0 | D:1      | Mrkan the Gargoyle Fighter began the quest for the Orb.
     0 | D:1      | Reached XP level 1. HP: 14/14 MP: 1/1
   141 | D:1      | Reached XP level 2. HP: 19/19 MP: 2/2
   621 | D:1      | Reached XP level 3. HP: 23/23 MP: 3/3
  1489 | D:2      | Noticed Terence
  1514 | D:2      | Killed Terence
  1514 | D:2      | Reached skill level 3 in Maces & Flails
  1514 | D:2      | Reached XP level 4. HP: 11/29 MP: 4/4
  2025 | D:2      | Found a basalt altar of Yredelemnul.
  2128 | D:3      | Reached XP level 5. HP: 27/33 MP: 5/5
  2951 | D:4      | Noticed Natasha
  2959 | D:4      | Killed Natasha
  2972 | D:4      | Reached skill level 4 in Maces & Flails
  2972 | D:4      | Reached XP level 6. HP: 34/39 MP: 6/6
  3306 | D:4      | Noticed Robin
  3366 | D:4      | Killed Robin
  3374 | D:4      | Noticed Natasha
  3388 | D:4      | Killed Natasha
  3490 | D:4      | Noticed Natasha
  3509 | D:4      | Reached XP level 7. HP: 19/44 MP: 7/7
  3533 | D:4      | Killed Natasha
  3833 | D:4      | Reached skill level 5 in Maces & Flails
  4048 | D:5      | Entered Level 5 of the Dungeon
  4073 | D:5      | Reached skill level 5 in Fighting
  4073 | D:5      | Reached skill level 5 in Armour
  4073 | D:5      | Reached skill level 5 in Shields
  4351 | D:5      | Noticed Pikel
  4398 | D:5      | Killed Pikel
  4398 | D:5      | Reached skill level 6 in Maces & Flails
  4398 | D:5      | Reached XP level 8. HP: 35/51 MP: 8/8
  5150 | D:6      | Reached skill level 7 in Maces & Flails
  5208 | D:6      | Reached XP level 9. HP: 55/56 MP: 9/9
  5268 | D:6      | HP: 1/56 [orc priest/divine providence (11)]
  5589 | D:7      | Mangled by an orc warrior

Skill      XL: |  1  2  3  4  5  6  7  8 |
---------------+-------------------------+-----
Maces & Flails | 3 4 6 7 |  7.6
Fighting       | 4 5 6 |  6.6
Armour         | 4 5 6 |  6.6
Shields        | 4 5 6 |  6.6

Action                   |  1- 3 |  4- 6 |  7- 9 || total
-------------------------+-------+-------+-------++-------
Melee: Flail             |   128 |   425 |   153 ||   706
       Whip              |       |       |   110 ||   110
  Eat: Chunk             |     2 |     8 |     6 ||    16
Armor: Scale mail        |   126 |    37 |       ||   163
       Plate armour      |       |   309 |   200 ||   509
Dodge: Dodged            |    58 |   131 |    43 ||   232
Block: Shield            |   102 |   271 |   175 ||   548
